 Dungeon Crawl Stone Soup version 0.30.1-9-gdf580d7c3d (webtiles) character file.

Game seed: 13461348193932817572

8492 Zalbag the Thaumaturge (level 11, -1/80 HPs)
             Began as a Djinni Fire Elementalist on Oct 25, 2023.
             Was a Priest of Makhleb.
             Slain by a demonic crawler (12 damage)
             ... on level 3 of the Abyss.
             The game lasted 00:48:08 (12203 turns).

Zalbag the Thaumaturge (Djinni Fire Elementalist)  Turns: 12203, Time: 00:48:09

Health: -1/80      AC:  7    Str:  9    XL:     11   Next: 56%
Gold:   502        EV: 17    Int: 23    God:    Makhleb [***...] SH:  6 Dex: 22

rFire   + + .        L - +3 mace of Pot Kat {flame, Int+3 Dex+3}
rCold   . . .        j - +0 buckler
rNeg    . . .        P - +0 steam dragon scales
rPois   ∞            (no helmet)
rElec   .            x - +0 cloak
rCorr   .            N - +0 pair of gloves
SInv    .            (boots unavailable)
Will    +....        (no amulet)
Stlth   +++          r - ring of protection from cold
HPRegen 0.33/turn    I - +6 ring of dexterity
MPRegen 0.00/turn

%: infuse magic (-2 HP)
@: about to teleport, flying
A: sickness immunity, fire resistance 2, cold vulnerability 1, float, innate
caster, HP casting, extra vitality 1
a: Renounce Religion, Minor Destruction, Lesser Servant of Makhleb


You were on level 3 of the Abyss.
You worshipped Makhleb.
Makhleb was most pleased with you.
You visited 3 branches of the dungeon, and saw 12 of its levels.
You visited the Abyss 1 time.
You also visited: Sewer.

You collected 770 gold pieces.
You spent 268 gold pieces at shops.

Inventory:

Hand Weapons
 b - a +0 spear
 c - a +0 dagger
 n - a +0 flail of protection
 v - a +0 dagger of venom
 L - the +3 mace of Pot Kat (weapon) {flame, Int+3 Dex+3}
   (You took it off a centaur on level 7 of the Dungeon)

   Int:       It affects your intelligence (+3).
   Dex:       It affects your dexterity (+3).
 Q - a +3 rapier of speed
 S - a +2 dagger of venom
Missiles
 m - 11 boomerangs
 u - 25 poisoned darts
 E - 2 curare-tipped darts (quivered)
 H - a throwing net
Armour
 j - a +0 buckler (worn)
 x - a +0 cloak (worn)
 G - a +0 robe of fire resistance
 N - a +0 pair of gloves (worn)
 P - +0 steam dragon scales (worn)
Jewellery
 r - a ring of protection from cold (left hand)
 I - a +6 ring of dexterity (right hand)
Wands
 A - a wand of acid (10)
 J - a wand of flame (10)
 R - a wand of roots (2)
Scrolls
 a - 5 scrolls of immolation {unknown}
 d - 3 scrolls of fear {unknown}
 e - 3 scrolls of noise
 f - 2 scrolls of fog {unknown}
 i - 3 scrolls of teleportation
 l - 2 scrolls of torment
 p - 2 scrolls of vulnerability
 s - 3 scrolls of poison
 t - 2 scrolls of amnesia
 w - 4 scrolls of enchant weapon
 y - 2 scrolls of blinking
 M - a scroll of acquirement {unknown}
Potions
 g - 3 potions of brilliance
 h - a potion of heal wounds
 k - 2 potions of lignification
 o - 3 potions of attraction
 q - 2 potions of haste {unknown}
 z - 4 potions of magic {unknown}
 B - a potion of cancellation {unknown}
 C - 4 potions of curing
 D - 4 potions of might
 F - a potion of resistance {unknown}
 K - a potion of degeneration {unknown}
 O - 3 potions of mutation {unknown}


   Skills:
 + Level 7.7 Fighting
 - Level 2.4 Throwing
 + Level 8.1 Dodging
 - Level 4.1 Stealth
 - Level 4.1 Shields
 * Level 9.5 Spellcasting


You knew the following spells:

 Your Spells              Type           Power      Damage    Failure   Level
a - Foxfire               Conj/Fire      100%       2x1d9     1%          1
b - Scorch                Fire           100%       2d9       1%          2
c - Volatile Blastmotes   Fire/Tloc      100%       2d18      1%          3
d - Inner Flame           Hex/Fire       53%        N/A       1%          3
e - Flame Wave            Conj/Fire      53%        2d13      1%          4
f - Necrotise             Necr           100%       1d9       1%          1
g - Static Discharge      Conj/Air       100%       2-7/arc   1%          2
h - Blink                 Tloc           100%       N/A       1%          2
i - Anguish               Hex/Necr       26%        N/A       1%          4
j - Borgnjor's Vile Clut  Necr/Erth      26%        N/A       4%          5
Your spell library was empty.

Dungeon Overview and Level Annotations

Branches:
Dungeon (10/15)            Temple (1/1) D:7             Orc (1/2) D:9
  Sewer (visited)
   Lair: D:8-11

Altars:
Ashenzari
Cheibriados
Elyvilon
Fedhas
Gozag
Hepliaklqana
Makhleb
Nemelex Xobeh
Qazlal
Ru
Trog
Uskayaw
Yredelemnul
Zin
The Shining One

Shops:
D:6 =   D:7 (:!?   D:9 :*([(

Annotations:
D:7 2 transporters, Esekla's ghost, weakling DEWn
D:10 Erolcha


Innate Abilities, Weirdness & Mutations

You are immune to sickness and miasma.
You are immune to poison.
Your flesh is very heat resistant. (rF++)
You are vulnerable to cold. (rC-)
You float through the air rather than walking.
You learn spells naturally, not from books.
Your magical power is your life essence.
You have superior vitality. (+4 MHP)


Message History

Flames lash the demonic crawler.
The demonic crawler gives a hideous shriek!
The demonic crawler is lightly wounded.
The demonic crawler's fire resistance burns away.
A wretched star comes into view.
The demonic crawler attacks as you move away!
The demonic crawler hits you!
The demonic crawler hits you but does no damage.
You block the demonic crawler's attack. The demonic crawler hits you!
The demonic crawler barely misses you.
The demonic crawler hits you but does no damage.
The demonic crawler attacks as you move away!
The demonic crawler hits you! The demonic crawler hits you.
The demonic crawler hits you!
The demonic crawler is no longer more vulnerable to fire.
The demonic crawler barely misses you. The demonic crawler misses you.
The demonic crawler hits you!
* * * LOW HITPOINT WARNING * * *
As you read the scroll of teleportation, it crumbles to dust.
You feel strangely unstable.
You feel the power of the Abyss delaying your translocation!
The demonic crawler hits you!
* * * LOW HITPOINT WARNING * * *
The demonic crawler hits you.
* * * LOW HITPOINT WARNING * * *
The demonic crawler hits you.
* * * LOW HITPOINT WARNING * * *
You feel much better. The demonic crawler barely misses you.
The demonic crawler hits you. You block the demonic crawler's attack.
Casting: Scorch (safe; 1% risk of failure)
Confirm with . or Enter, or press ? or * to list all spells.
Okay, then.
Okay, then.
You feel better. The demonic crawler hits you!
The demonic crawler misses you. x2
The demonic crawler hits you!
* * * LOW HITPOINT WARNING * * *
The demonic crawler hits you.
* * * LOW HITPOINT WARNING * * *
The demonic crawler hits you!
You die...

.... ....##..#..
#.. .........#
......#..... #
#.#.#..#.. .###
#..#.... #.#.
.#. ....#..#.##
. # #.#....##.#
#
#..#.#....#s###
#.##..#.#.# #@.#
# #.#..#.#.*####
#. .... ### # #
.###.#..#..#....
#. ##...#...#
#.# ## #....# ..
........ . .
........ .
.........


You could see a demonic crawler.

Vanquished Creatures
  4 two-headed ogres
  Joseph (D:9)
  A hornet (D:7)
  A shadow (D:7)
  A wraith (D:7)
  A vampire (D:9)
  A wyvern (D:9)
  A yak (D:7)
  3 steam dragons (D:8)
  An acid dragon (D:7)
  A water moccasin (D:7)
  3 orc warriors
  3 ice beasts
  A black bear (D:7)
  2 sky beasts (D:7)
  5 centaurs
  A phantom (D:4)
  7 kobold brigands
  4 bullfrogs
  4 scorpions
  A wight (D:7)
  9 killer bees
  6 howler monkeys
  A quasit (D:6)
  3 jellies
  3 hounds
  9 orc priests
  A gnoll bouda (D:5)
  7 iguanas
  Terence (D:2)
  A sleepcap (D:6)
  10 orc wizards
  5 adders
  8 gnolls
  2 ufetubi (D:7)
  7 worms
  A dart slug (D:1)
  46 orcs
  4 bats (D:1)
  11 endoplasms
  7 goblins
  5 hobgoblins
  2 jackals (D:3)
  10 quokkas
  6 ball pythons
  A frilled lizard (D:3)
  A goblin zombie (D:6)
  3 hobgoblin zombies (D:6)
  22 kobolds
  A kobold skeleton (D:6)
  A kobold zombie (D:6)
  3 orc skeletons (D:6)
  An orc zombie (D:6)
  8 rats
253 creatures vanquished.

Vanquished Creatures (others)
  A water moccasin (D:8)
  269 foxfires
270 creatures vanquished.

Grand Total: 523 creatures vanquished

Notes
Turn   | Place    | Note
-------+----------+-------------------------------------------
     0 | D:1      | Zalbag the Djinni Fire Elementalist began the quest for the
                  | Orb.
     0 | D:1      | Zalbag set off with the following spells memorised:
                  | Foxfire, Scorch, Volatile Blastmotes, Inner Flame, Flame
                  | Wave.
     0 | D:1      | Reached XP level 1. HP: 15/15 MP: 0/0
   243 | D:1      | Reached XP level 2. HP: 17/21 MP: 0/0
   848 | D:1      | Reached XP level 3. HP: 24/25 MP: 0/0
   848 | D:1      | Learned a level 1 spell: Necrotise
  1639 | D:2      | Reached XP level 4. HP: 30/31 MP: 0/0
  1786 | D:2      | Noticed Terence
  1827 | D:2      | Killed Terence
  1828 | D:2      | Reached skill level 1 in Shields
  1828 | D:2      | Reached skill level 3 in Spellcasting
  1978 | D:2      | Found a snail-covered altar of Cheibriados.
  2997 | D:4      | Noticed a phantom
  3012 | D:4      | Killed a phantom
  3013 | D:4      | Reached XP level 5. HP: 30/35 MP: 0/0
  3013 | D:4      | Learned a level 2 spell: Static Discharge
  3178 | D:4      | Reached XP level 6. HP: 37/40 MP: 0/0
  3304 | D:4      | Found a stormy altar of Qazlal.
  3312 | D:4      | Reached skill level 4 in Spellcasting
  3738 | D:5      | Entered Level 5 of the Dungeon
  3751 | D:5      | Noticed an ice beast
  3778 | D:5      | Killed an ice beast
  3779 | D:5      | Reached XP level 7. HP: 2/45 MP: 0/0
  3779 | D:5      | Learned a level 2 spell: Blink
  4157 | D:5      | Found a glowing drain.
  4164 | Sewer    | Entered a sewer
  4473 | Sewer    | Reached skill level 5 in Spellcasting
  4510 | Sewer    | Reached skill level 1 in Fighting
  4678 | D:5      | Reached XP level 8. HP: 40/52 MP: 0/0
  4729 | D:5      | Found a burning altar of Makhleb.
  4744 | D:5      | Became a worshipper of Makhleb the Destroyer
  5133 | D:5      | Found a broken altar of Ashenzari.
  5138 | D:5      | Found a white marble altar of Elyvilon.
  5143 | D:5      | Found a stormy altar of Qazlal.
  5502 | D:6      | Found a sacrificial altar of Ru.
  5577 | D:6      | Found a glowing golden altar of the Shining One.
  5892 | D:6      | Reached * piety under Makhleb
  6067 | D:6      | Identified the +3 quarterstaff of Beastly Offence {venom,
                  | *Rage rCorr Str+7 Dex-2}
  6201 | D:6      | Found Vian's Jewellery Emporium.
  6387 | D:6      | Reached skill level 6 in Spellcasting
  6691 | D:7      | Noticed Esekla's ghost (weakling DEWn)
  6692 | D:7      | Found a bloodstained altar of Trog.
  6700 | D:7      | Noticed a moth of wrath
  6701 | D:7      | Noticed a two-headed ogre
  6709 | D:7      | Found a transporter.
  6720 | D:7      | Found Tehuy's Distillery.
  6747 | D:7      | Bought a potion of curing for 42 gold pieces
  6747 | D:7      | Bought a potion of invisibility for 112 gold pieces
  6751 | D:7      | Found a sparkling altar of Nemelex Xobeh.
  6763 | D:7      | Reached XP level 9. HP: 48/61 MP: 0/0
  6763 | D:7      | Learned a level 4 spell: Anguish
  7025 | D:7      | Found a blossoming altar of Fedhas.
  7044 | D:7      | Found a transporter.
  7113 | D:7      | Found Tale Paruhel's Magic Scroll Boutique.
  7116 | D:7      | Bought a scroll of blinking for 90 gold pieces
  7116 | D:7      | Bought a scroll of identify for 24 gold pieces
  7433 | D:7      | Reached skill level 7 in Spellcasting
  7608 | D:7      | Noticed a two-headed ogre
  7631 | D:7      | HP: 3/63 [two-headed ogre/+0 giant club (10)]
  7950 | D:7      | Killed a two-headed ogre
  7951 | D:7      | Reached skill level 5 in Fighting
  7951 | D:7      | Reached skill level 5 in Dodging
  7951 | D:7      | Reached XP level 10. HP: 36/70 MP: 0/0
  8340 | D:7      | Reached skill level 8 in Spellcasting
  8810 | D:7      | Found Wut Qod's Antique Weapon Shop.
  8863 | D:7      | Found a staircase to the Ecumenical Temple.
  8867 | Temple   | Entered the Ecumenical Temple
  8904 | D:7      | Reached ** piety under Makhleb
  8913 | D:7      | Noticed a two-headed ogre
  8930 | D:7      | Killed a two-headed ogre
  9058 | D:7      | Noticed a two-headed ogre
  9075 | D:7      | Killed a two-headed ogre
  9156 | D:7      | Identified the +3 mace of Pot Kat {flame, Int+3 Dex+3}
  9332 | D:7      | Identified the +4 war axe of the Charming Jester {heavy,
                  | Str+2}
  9332 | D:7      | Noticed a centaur warrior
  9518 | D:7      | Reached skill level 9 in Spellcasting
  9571 | D:7      | Found Vegac's Book Boutique.
  9673 | D:7      | Reached XP level 11. HP: 74/78 MP: 0/0
  9673 | D:7      | Learned a level 5 spell: Borgnjor's Vile Clutch
  9853 | D:7      | Reached skill level 1 in Throwing
 10449 | D:8      | Found a glowing silver altar of Zin.
 10684 | D:9      | Found Nureni's Assorted Antiques.
 10703 | D:9      | Noticed Joseph
 10718 | D:9      | Killed Joseph
 10766 | D:9      | Found Zeatu's Antique Weapon Shop.
 10767 | D:9      | Found Immofoi's Armour Emporium.
 10938 | D:9      | Found a staircase to the Orcish Mines.
 11225 | D:9      | Reached *** piety under Makhleb
 11358 | D:9      | Found Laugi's Book Emporium.
 11592 | D:9      | Found a hide-covered altar of Uskayaw.
 11667 | D:9      | Found Yrghymm's Weapon Boutique.
 12075 | Orc:1    | Entered Level 1 of the Orcish Mines
 12076 | Orc:1    | Noticed an orc high priest
 12099 | D:10     | Entered Level 10 of the Dungeon
 12101 | D:10     | Noticed a two-headed ogre
 12110 | D:10     | Killed a two-headed ogre
 12133 | D:10     | Noticed a death yak
 12133 | D:10     | Noticed Erolcha
 12135 | D:10     | Noticed a death yak
 12135 | Abyss:2  | Cast into level 2 of the Abyss (Erolcha)
 12146 | Abyss:2  | Noticed a tentacled starspawn
 12194 | Abyss:3  | Noticed a wretched star
 12203 | Abyss:3  | Slain by a demonic crawler

Illustrated notes

Levels and vault maps discovered:
D:1:      kennysheep_arrival_seaside, layout_loops_cross
D:2:      layout_basic, basic_altar, hangedman_abyss_or_decor_lesser_grid,
          uniq_terence
D:3:      layout_basic
D:4:      wad_woods_stonehenge, layout_rooms, serial_bayou_pond_c
D:5:      layout_loops_ring, mainiacjoe_overflow_small_starburst,
          mainiacjoe_overflow_brackets, grunt_temple_overflow_diamond,
          lightli_sewer_entry_pipes
D:6:      layout_loops_ring, nicolae_ru_awakened_eye,
          nicolae_tso_besieged_by_evil, serial_shops, nicolae_take_the_stairs
D:7:      nzn_winding_woodlands_large [nzn_winding_woodlands_5x5_closed_star,
          nzn_winding_woodlands_5x15_sawtooth,
          nzn_winding_woodlands_5x5_default,
          nzn_winding_woodlands_center_triple_pond,
          nzn_winding_woodlands_15x15_boxy_spiral,
          nzn_winding_woodlands_center_pierced_h,
          nzn_winding_woodlands_5x5_open_star,
          nzn_winding_woodlands_5x15_garden, nzn_winding_woodlands_hourglass],
          layout_basic, nemelex_spade_bored_becter, led_sif_book,
          lemuel_round_altar, serial_shops, nicolae_shop_advertising_works
          [nicolae_subvault_shop_adworks], shop, nicolae_shop_industrial_runoff,
          nicolae_shop_rolled_up, gammafunk_ghost_wrathful_warriors,
          columned_hall_lemuel, kennysheep_generic_room_5
D:8:      layout_rooms, zin_academy
D:9:      layout_layer_cave, old_standard_altar, hiddenorc2_lemuel,
          serial_shops, nicolae_shop_scrapyard, shop, nicolae_shop_statue_plus,
          shop, shop, uniq_joseph
D:10:     minmay_recursive_quarters, layout_rooms,
          nicolae_overflow_crystal_walls, dpeg_lair_monsters, serial_rivers,
          chequers_serial_rivers_micro_a, chequers_serial_rivers_micro_b,
          chequers_serial_rivers_large_b, chequers_serial_rivers_micro_a,
          chequers_serial_rivers_micro_b, grunt_ministairs_4, uniq_erolcha,
          uniq_psyche
Temple:   hellmonk_temple_rainy
Orc:1:    layout_caves
Abyss:3:  base: D:15, hangedman_abyss_monster_moat, hangedman_abyss_shoalhut

Skill      XL: |  1  2  3  4  5  6  7  8  9 10 11 |
---------------+----------------------------------+-----
Stealth        | 2 3 4 |  4.1
Dodging        | 3 5 6 8 |  8.1
Shields        | 2 3 4 |  4.1
Spellcasting   | 3 4 5 6 7 9 |  9.5
Fighting       | 1 3 5 6 7 |  7.7
Throwing       | 2 |  2.4

Action                     |  1- 3 |  4- 6 |  7- 9 | 10-12 || total
---------------------------+-------+-------+-------+-------++-------
  Melee: Spear             |    52 |       |       |       ||    52
         Flail             |    10 |    38 |    89 |    24 ||   161
         Mace              |       |       |       |    27 ||    27
  Throw: Dart              |       |       |    51 |    48 ||    99
         Throwing net      |       |       |       |     3 ||     3
   Cast: Foxfire           |    29 |    41 |    58 |    42 ||   170
         Scorch            |     4 |    21 |    94 |   121 ||   240
         Volatile Blastmot |       |       |    13 |    15 ||    28
         Flame Wave        |       |       |     2 |     7 ||     9
         Blink             |       |       |     3 |     5 ||     8
  Evoke: Wand              |       |       |       |     3 ||     3
    Use: Potion            |       |     1 |     3 |     3 ||     7
         Scroll            |       |       |     9 |     4 ||    13
   Stab: Sleeping          |     3 |     1 |     2 |       ||     6
 Armour: Robe              |    14 |    10 |    50 |    23 ||    97
         Steam dragon scal |       |       |       |    14 ||    14
  Dodge: Dodged            |    56 |    56 |   122 |   131 ||   365
  Block: Buckler           |       |       |    42 |    57 ||    99
